 Dungeon Crawl Stone Soup version 0.30.0-5-g1a98f26d00 (webtiles) character file.

Game seed: 4382578749035359181

7904 SnakkuSnakku7 the Basher (level 11, -2/113 HPs)
             Began as an Ogre Delver on May 10, 2023.
             Was a Priest of Wu Jian.
             Slain by a killer bee (4 damage)
             ... on level 9 of the Dungeon.
             The game lasted 00:16:19 (10245 turns).

SnakkuSnakku7 the Basher (Ogre Delver)             Turns: 10245, Time: 00:16:19

Health: -2/113     AC: 12    Str: 22    XL:     11   Next: 22%
Magic:  11/11      EV:  9    Int: 11    God:    Wu Jian [***...]
Gold:   373        SH:  0    Dex: 10    Spells: 10/10 levels left

rFire   . . .        a - +0 giant club
rCold   . . .        (shield currently unavailable)
rNeg    . . .        G - +1 acid dragon scales
rPois   .            (helmet restricted)
rElec   .            (no cloak)
rCorr   +            (gloves unavailable)
SInv    .            (boots unavailable)
Will    +....        (no amulet)
Stlth   ++           k - ring of resist corrosion
HPRegen 0.38/turn    A - +4 ring of protection
MPRegen 0.12/turn

%: no passive effects
@: lethally poisoned (-2 -> -5), studying Staves
A: large, unfitting armour, tough skin 1
a: Renounce Religion, Wall Jump, Serpent's Lash


You were on level 9 of the Dungeon.
You worshipped Wu Jian.
Wu Jian was most pleased with you.
You visited 1 branch of the dungeon, and saw 9 of its levels.

You collected 373 gold pieces.

Inventory:

Hand Weapons
 a - a +0 giant club (weapon)
 h - a +0 mace
 z - a +0 flail
Missiles
 e - 16 poisoned darts (quivered)
 u - 3 throwing nets
Armour
 G - +1 acid dragon scales (worn)
Jewellery
 k - a ring of resist corrosion (left hand)
 r - a +6 ring of intelligence
 A - a +4 ring of protection (right hand)
 I - a +4 ring of protection
Wands
 g - a wand of digging (3)
 D - a wand of flame (34)
Scrolls
 c - a scroll of fog
 d - 3 scrolls of teleportation
 j - 3 scrolls of magic mapping
 m - a scroll of enchant armour
 p - a scroll of vulnerability {unknown}
 q - a scroll of amnesia {unknown}
 s - a scroll of poison {unknown}
 t - a scroll of brand weapon {unknown}
 v - a scroll of noise {unknown}
 y - a scroll of enchant weapon {unknown}
 E - a scroll of blinking {unknown}
 J - a scroll of torment {unknown}
Potions
 b - a potion of might {unknown}
 f - 2 potions of brilliance {unknown}
 i - a potion of lignification
 l - a potion of mutation
 n - a potion of berserk rage
 o - a potion of curing
 w - 2 potions of ambrosia {unknown}
 x - 2 potions of flight
 B - 3 potions of magic
 F - a potion of resistance {unknown}
 H - 2 potions of cancellation {unknown}


   Skills:
 + Level 8.4 Fighting
 - Level 14.0 Maces & Flails
 - Level 1.7 Dodging
 - Level 3.7 Stealth
 - Level 4.0 Evocations


You had 10 spell levels left.
You didn't know any spells.
Your spell library contained the following spells:

 Spells                   Type           Power      Damage    Failure   Level
 Apportation              Tloc           0%         N/A       41%         1
 Necrotise                Necr           0%         1d4       41%         1
 Summon Small Mammal      Summ           0%         N/A       41%         1
 Sublimation of Blood     Necr           0%         N/A       56%         2
 Wereblood                Tmut           0%         N/A       56%         2
 Ignite Poison            Fire/Tmut/Pois 0%         N/A       80%         3
 Volatile Blastmotes      Fire/Tloc      0%         2d10      80%         3
 Leda's Liquefaction      Hex/Erth       0%         N/A       99%         4
 Iskenderun's Battlesphe  Conj           0%         2d6       100%        5
 Lee's Rapid Deconstruct  Erth           0%         3d4*      100%        5
 Eringya's Noxious Bog    Tmut/Pois      0%         N/A       100%        6
 Iron Shot                Conj/Erth      0%         9d1       100%        6
 Statue Form              Tmut/Erth      0%         N/A       100%        6
 Spellforged Servitor     Conj/Summ      0%         N/A       100%        7
 Summon Hydra             Summ           0%         N/A       100%        7


Dungeon Overview and Level Annotations

Branches:
Dungeon (9/15)             Temple (0/1) D:6            Lair (0/5) D:8
    Orc: D:9-12

Altars:
Ashenzari
Cheibriados
Kikubaaqudgha
Nemelex Xobeh
Qazlal
Sif Muna
Vehumet
Wu Jian
Yredelemnul
The Shining One

Shops:
D:6 [


Innate Abilities, Weirdness & Mutations

You are too large for most types of armour.
You have tough skin. (AC +1)


Message History

Aim: a killer bee (severely wounded, chance to affect: 67%)
The killer bee struggles to resist.
You feel sick.
The killer bee stings you but does no damage.
The killer bee closely misses you.
Unknown command.
Unknown command.
You barely miss the killer bee.
The killer bee is severely wounded.
You feel sick. The killer bee stings you.
* * * LOW HITPOINT WARNING * * *
The killer bee misses you.
Aiming: Paralyse
Press: ? - help, Shift-Dir - straight line, f/p - killer bee
Aim: a killer bee (severely wounded, chance to affect: 67%)
The killer bee suddenly stops moving!
You feel sick.
Unknown command.
Unknown command.
The helpless killer bee fails to defend itself.
You beat the killer bee like a drum!!!
You kill the killer bee!
The Council accepts your kill. The killer bee barely misses you.
Aiming: Paralyse
Press: ? - help, Shift-Dir - straight line, f - killer bee
Aim: a killer bee (chance to affect: 67%)
The killer bee struggles to resist.
You feel sick. The killer bee stings you.
* * * LOW HITPOINT WARNING * * *
You are more poisoned.
The killer bee poisons you!
The howler monkey hoots and howls with incredible vigour!
The killer bee closely misses you.
Unknown command.
Aiming: Paralyse
Press: ? - help, Shift-Dir - straight line, f/p - killer bee
Aim: a killer bee (chance to affect: 67%)
The killer bee struggles to resist.
The now-empty wand crumbles to dust.
You feel sick. The killer bee stings you!
* * * LOW HITPOINT WARNING * * *
The killer bee stings you.
You die...

#.# #.######
#......#
######.# #.#
#.# #.#
..####.#######.
#......@yh.....
######.#######.
...# #####


You could see a howler monkey and a killer bee.

Vanquished Creatures
  Pikel (D:7)
  Joseph (D:8)
  A gargoyle (D:7)
  Maggie (D:8)
  A polar bear (D:8)
  Prince Ribbit (D:6)
  A wraith (D:7)
  7 yaks
  An unseen horror simulacrum (D:8)
  3 steam dragons
  Duvessa (D:6)
  A water moccasin (D:6)
  3 ice beasts
  2 sky beasts (D:7)
  3 orc warriors
  3 ogres
  6 centaurs
  A wolf (D:8)
  A lemure (D:7)
  A kobold brigand (D:9)
  3 bullfrogs
  3 scorpions
  A gnoll sergeant (D:6)
  8 wights
  Dowan (D:6)
  5 killer bees
  An electric eel (D:8)
  4 howler monkeys
  4 jellies
  5 hounds
  2 orc priests
  A gnoll bouda (D:7)
  5 iguanas
  Jessica (D:3)
  A sleepcap (D:6)
  16 orc wizards
  2 killer bee simulacra (D:8)
  Robin (D:2)
  17 gnolls
  6 adders
  2 white imps (D:8)
  An ufetubus (D:6)
  A worm (D:4)
  A dart slug (D:1)
  29 orcs
  8 ball pythons
  5 bats
  9 endoplasms
  5 giant cockroaches
  12 goblins
  6 hobgoblins
  14 jackals
  3 quokkas
  2 frilled lizards
  10 kobolds
  2 rats
237 creatures vanquished.

Notes
Turn   | Place    | Note
-------+----------+-------------------------------------------
     0 | D:5      | SnakkuSnakku7 the Ogre Delver began the quest for the Orb.
     0 | D:5      | Reached XP level 1. HP: 24/24 MP: 1/1
    13 | D:5      | Noticed a centaur
    33 | D:5      | Killed a centaur
    34 | D:5      | Reached skill level 5 in Fighting
    34 | D:5      | Reached skill level 3 in Maces & Flails
    34 | D:5      | Reached XP level 2. HP: 26/35 MP: 2/2
    34 | D:5      | Reached XP level 3. HP: 32/42 MP: 3/3
    34 | D:5      | Reached XP level 4. HP: 38/50 MP: 4/4
   193 | D:3      | Reached XP level 5. HP: 8/59 MP: 5/5
   385 | D:3      | Noticed Jessica
   395 | D:3      | Killed Jessica
  1047 | D:1      | Reached skill level 4 in Maces & Flails
  1173 | D:1      | Reached XP level 6. HP: 58/68 MP: 6/6
  1695 | D:2      | Noticed Robin
  1711 | D:2      | Killed Robin
  3601 | D:4      | Reached XP level 7. HP: 49/74 MP: 7/7
  3604 | D:4      | Reached skill level 5 in Maces & Flails
  4137 | D:4      | Found a broken altar of Ashenzari.
  4432 | D:5      | Found a basalt altar of Yredelemnul.
  4451 | D:5      | Found a snail-covered altar of Cheibriados.
  4451 | D:5      | Found a glowing golden altar of the Shining One.
  4455 | D:5      | Found an ornate altar of the Wu Jian Council.
  4463 | D:5      | Became a worshipper of the Wu Jian Council
  4601 | D:5      | Reached skill level 6 in Maces & Flails
  4903 | D:5      | Reached XP level 8. HP: 63/88 MP: 8/8
  4971 | D:6      | Noticed Duvessa
  4971 | D:6      | Noticed Dowan
  4975 | D:6      | Noticed Prince Ribbit
  5007 | D:6      | Found a staircase to the Ecumenical Temple.
  5043 | D:6      | Reached skill level 7 in Maces & Flails
  5331 | D:6      | Reached skill level 8 in Maces & Flails
  5392 | D:6      | Killed Duvessa
  5406 | D:6      | Killed Dowan
  5406 | D:6      | Reached * piety under Wu Jian
  5764 | D:5      | Reached skill level 9 in Maces & Flails
  5812 | D:6      | Reached XP level 9. HP: 83/93 MP: 9/9
  5942 | D:6      | Killed Prince Ribbit
  6063 | D:6      | Reached skill level 10 in Maces & Flails
  6076 | D:6      | Found Dudwur's Antique Armour Shop.
  6938 | D:7      | Found a stormy altar of Qazlal.
  7165 | D:7      | Found a radiant altar of Vehumet.
  7175 | D:7      | Found an ancient bone altar of Kikubaaqudgha.
  7187 | D:7      | Found a shimmering blue altar of Sif Muna.
  7190 | D:7      | Reached skill level 11 in Maces & Flails
  7196 | D:7      | Reached ** piety under Wu Jian
  7569 | D:7      | Noticed Pikel
  7584 | D:7      | Killed Pikel
  7585 | D:7      | Reached skill level 12 in Maces & Flails
  7585 | D:7      | Reached XP level 10. HP: 17/104 MP: 10/10
  7761 | D:7      | Paralysed by an orc for 2 turns
  7797 | D:7      | Got the Monograph on Tropical Metamorphosis
  7840 | D:7      | Noticed a gargoyle
  7936 | D:7      | Killed a gargoyle
  8396 | D:8      | Reached skill level 1 in Evocations
  8671 | D:8      | Noticed Maggie
  8683 | D:8      | Killed Maggie
  8724 | D:8      | Reached skill level 13 in Maces & Flails
  8741 | D:8      | Found a sparkling altar of Nemelex Xobeh.
  8956 | D:8      | Found a staircase to the Lair.
  9135 | D:8      | Noticed Joseph
  9376 | D:8      | Killed Joseph
  9686 | D:8      | Found a transporter.
  9705 | D:8      | Reached XP level 11. HP: 95/111 MP: 11/11
  9904 | D:9      | Reached *** piety under Wu Jian
  9937 | D:9      | Reached skill level 14 in Maces & Flails
 10245 | D:9      | HP: 2/113 [killer bee (8)]
 10245 | D:9      | Slain by a killer bee

Illustrated notes

Levels and vault maps discovered:
D:1:      saegor_arrival_simple_e, layout_loops_ring
D:2:      layout_basic, uniq_robin
D:3:      layout_basic, uniq_jessica
D:4:      layout_cave_pools, cheibrodos_ashenzari_chains
D:5:      layout_rooms, minitemple
D:6:      layout_basic, temple_fountains, serial_shops,
          nicolae_shop_window_shopping, hangedman_minor_gate_pass, uniq_duvessa,
          uniq_prince_ribbit1
D:7:      minmay_opposing_rooms, layout_basic, palyth_temple_overflow_mages,
          nicolae_overflow_crystal_walls, kennysheep_windowed_goal, uniq_pikel
D:8:      minmay_evil_eye, layout_basic, nemelex_diamond_rough_becter,
          lair_entry_dummy, serial_ice, serial_ice_a, serial_ice_k,
          serial_ice_h, serial_ice_g, nicolae_diode_basic, uniq_joseph,
          uniq_maggie
D:9:      layout_loops_ring

Skill      XL: |  1  2  3  4  5  6  7  8  9 10 11 |
---------------+----------------------------------+-----
Fighting       | 5 6 7 8 |  8.4
Maces & Flails | 3 4 6 9 12 13 14 | 14.0
Evocations     | 4 |  4.0
Dodging        | |  1.7
Stealth        | |  3.7

Action                     |  1- 3 |  4- 6 |  7- 9 | 10-12 || total
---------------------------+-------+-------+-------+-------++-------
  Melee: Mace              |     3 |    47 |       |       ||    50
         Punch             |       |     4 |       |       ||     4
         Flail             |       |   241 |    92 |       ||   333
         Giant club        |       |       |   213 |   208 ||   421
  Throw: Dart              |       |     6 |    18 |       ||    24
         Throwing net      |       |     2 |     4 |       ||     6
Ability: Lunge             |       |       |    17 |    12 ||    29
         Whirlwind         |       |       |     6 |     5 ||    11
  Evoke: Wand              |     1 |     2 |       |     9 ||    12
    Use: Scroll            |       |     2 |    13 |     2 ||    17
         Potion            |       |     1 |       |     3 ||     4
   Stab: Paralysed         |     3 |     6 |       |     3 ||    12
         Sleeping          |       |     8 |     4 |     2 ||    14
         Distracted        |       |       |     2 |       ||     2
 Armour: Robe              |       |   102 |   116 |    30 ||   248
         Acid dragon scale |       |       |       |    58 ||    58
  Dodge: Dodged            |     1 |   190 |   152 |    96 ||   439
